 Dungeon Crawl Stone Soup version 0.32-a0-433-g08bcfe7efd (console) character file.

Game seed: 12255763646440317934

13862 zenocrate the Grappler (level 11, -7/160 HPs)
             Began as a Troll Delver on Feb 22, 2024.
             Was a High Priest of Okawaru.
             Mangled by a cane toad (18 damage)
             ... on level 2 of the Lair of Beasts.
             The game lasted 00:18:26 (7023 turns).

zenocrate the Grappler (Troll Delver)               Turns: 7023, Time: 00:18:27

Health: -7/160     AC:  5    Str: 32    XL:     11   Next: 81%
Magic:  12/12      EV: 10    Int:  6    God:    Okawaru [*****.]
Gold:   371        SH:  5    Dex: 11    Spells: 10/10 levels left

rFire   . .          .
                       - Unarmed
rCold   . . .        (no shield)
rNeg    . . .        B - +0 troll leather armour
rPois   .            (helmet restricted)
rElec   .            (no cloak)
rCorr   .            (gloves unavailable)
SInv    +            (boots unavailable)
Will    .....        w - amulet of reflection Stlth
                     D - ring of see invisible
HPRegen 2.06/turn    x - +6 ring of strength
MPRegen 0.13/turn

%: reflection
@: berserking, lethally poisoned (-7 -> -7), very quick
A: large, unfitting armour, claws 3, regeneration 1, shaggy fur 1, tough skin 1
a: Renounce Religion, Heroism, Finesse, Duel


You were on level 2 of the Lair of Beasts.
You worshipped Okawaru.
Okawaru was extremely pleased with you.
You visited 3 branches of the dungeon, and saw 11 of its levels.
You also visited: Ossuary.

You collected 371 gold pieces.

Inventory:

Missiles
 o - 3 boomerangs
 r - 27 poisoned darts (quivered)
 t - 3 atropa-tipped darts
 z - 7 curare-tipped darts
 A - 5 javelins
Armour
 k - a +0 tower shield
 B - a +0 troll leather armour (worn)
Jewellery
 w - an amulet of reflection (around neck)
 x - a +6 ring of strength (right claw)
 D - a ring of see invisible (left claw)
Wands
 a - a wand of light (2)
 f - a wand of digging (2)
 E - a wand of flame (19)
Scrolls
 b - 2 scrolls of fog
 c - 2 scrolls of amnesia {unknown}
 g - 2 scrolls of immolation
 m - a scroll of torment
 s - a scroll of teleportation
 u - 2 scrolls of poison
 v - 2 scrolls of blinking {unknown}
 y - 2 scrolls of vulnerability
 M - a scroll of brand weapon {unknown}
Potions
 e - a potion of haste
 h - 2 potions of heal wounds
 i - 2 potions of curing
 j - a potion of magic
 l - a potion of berserk rage
 n - 2 potions of might
 p - 2 potions of attraction
 q - a potion of experience {unknown}
 C - a potion of resistance {unknown}
 F - a potion of invisibility
 H - a potion of brilliance
 K - a potion of mutation


   Skills:
 + Level 6.8 Fighting
 + Level 2.0 Throwing
 + Level 1.8 Armour
 + Level 2.5 Dodging
 - Level 2.8 Stealth
 + Level 3.7 Shields
 + Level 13.6 Unarmed Combat
 + Level 3.3 Invocations
 + Level 6.6 Evocations


You had 10 spell levels left.
You didn't know any spells.
Your spell library contained the following spells:

 Spells                   Type           Power      Damage    Failure   Level
 Ensorcelled Hibernation  Hex/Ice        0%         N/A       63%         2
 Static Discharge         Conj/Air       0%         3-3/arc   63%         2
 Passwall                 Erth           0%         N/A       86%         3
 Swiftness                Air            0%         N/A       86%         3
 Airstrike                Air            0%         2d(0-16)  99%         4
 Summon Lightning Spire   Summ/Air       Unusable   N/A       N/A         4

Dungeon Overview and Level Annotations

Branches:
Dungeon (8/15)             Temple (1/1) D:5            Lair (2/5) D:8
Ossuary (visited)
  Swamp: Lair:2-3    Shoals: Lair:2-3     Snake: Lair:2-3    Spider: Lair:2-3

Altars:
Cheibriados
Dithmenos
Elyvilon
Fedhas
Gozag
Kikubaaqudgha
Makhleb
Nemelex Xobeh
Okawaru
Qazlal
Ru
Sif Muna
Trog
Uskayaw
Vehumet
Wu Jian
Xom
Yredelemnul
Zin
The Shining One

Annotations:
D:6 3 runed translucent doors, GoblinFriend's ghost, novice DsSu


Innate Abilities, Weirdness & Mutations

You are too large for most types of armour.
You have claws for hands.
Your natural rate of healing is unusually fast.
You are covered in fur. (AC +1)
You have tough skin. (AC +1)


Message History

You feel sick.
You are no longer poisoned.
You block the cane toad's attack.
You barely miss the cane toad.
The cane toad is lightly wounded.
The cane toad stings you!
You are poisoned.
The cane toad poisons you!
You closely miss the cane toad.
The cane toad is lightly wounded.
You feel very sick. The cane toad stings you!!
You barely miss the cane toad.
You claw the cane toad, but do no damage.
The cane toad is lightly wounded.
You feel very sick.
You are too injured to fight recklessly!
You closely miss the cane toad.
The cane toad is lightly wounded.
You feel very sick. The cane toad stings you!!
* * * LOW HITPOINT WARNING * * *
You are too injured to fight recklessly!
You scratch the cane toad but do no damage.
The cane toad is lightly wounded.
You feel sick. The cane toad stings you.
* * * LOW HITPOINT WARNING * * *
Unknown command.
You closely miss the cane toad.
The cane toad is lightly wounded.
You feel sick. The cane toad stings you!
* * * LOW HITPOINT WARNING * * *
Unknown command.
Okay, then.
A red film seems to cover your vision as you go berserk!
You feel yourself moving faster!
You feel mighty!
You feel sick. The cane toad completely misses you.
You mangle the cane toad!!
The cane toad is severely wounded.
You feel sick. The cane toad stings you!!
You die...

##....#.P.###
#P...........
##...........
#..†.......#. #.
####.††......#.##.## .
....†..†#.#.#.#.... ..
..#....#.#.#.#..... ...
.P....#†#.#.#.....#
...# ...~.#.###.....#
.#..#
...~#.###......##F..#
.....#.#....(..†@.#
.#.~#.#..†††##.†.##
....#.#...††#..#..#
.....#..###(y.###...#
÷÷.P#.#.....#..# .#..#
...##.#....###...###...
...#.#...#..# .#..# .#.
....#.#†.#....###... #
.#..#.#..#..#..# .#.
....####...###... #
.#...#####.. .#.


You could see a cane toad and a killer bee.

Vanquished Creatures
  A two-headed ogre (D:5)
  A black mamba (Lair:1)
  5 elephants
  5 cane toads
  A komodo dragon (D:8)
  A queen bee (Lair:2)
  4 blink frogs (Lair:2)
  2 wyverns
  Eustachio (D:5)
  12 yaks
  5 basilisks
  A steam dragon (D:7)
  An acid dragon (D:8)
  8 water moccasins
  7 black bears
  2 sky beasts
  5 ice beasts
  2 wolves (Lair:2)
  3 centaurs
  An ogre (D:3)
  2 phantoms
  4 kobold brigands
  6 bullfrogs
  A weeping skull (Ossuary)
  2 water moccasin zombies (Ossuary)
  4 scorpions
  22 killer bees (Lair:2)
  A howler monkey (D:4)
  2 bombardier beetles
  4 hounds
  3 jellies
  2 orc priests
  A spectral scorpion (Ossuary)
  A sleepcap (D:6)
  4 orc wizards
  A hell rat (Lair:2)
  2 crocodile zombies (Ossuary)
  2 mummies (Ossuary)
  Robin (D:3)
  8 gnolls
  7 adders
  A white imp (D:7)
  2 ufetubi (D:6)
  3 adder zombies (Ossuary)
  A dart slug (D:4)
  A ribbon worm (D:2)
  26 orcs
  7 ball pythons
  10 endoplasms
  3 giant cockroaches (D:4)
  9 gnoll zombies (Ossuary)
  14 hobgoblins
  5 jackals
  5 quokkas
  6 bats (D:1)
  2 frilled lizards (D:1)
  15 goblins
  2 jackal zombies (Ossuary)
  41 kobolds
  4 orc zombies (Ossuary)
  8 rats
313 creatures vanquished.

Notes
Turn   | Place    | Note
-------+----------+-------------------------------------------
     0 | D:5      | zenocrate the Troll Delver began the quest for the Orb.
     0 | D:5      | Reached XP level 1. HP: 22/22 MP: 0/0
    15 | D:5      | Noticed a hound
    27 | D:4      | Killed a hound
    28 | D:4      | Reached skill level 3 in Unarmed Combat
    28 | D:4      | Reached XP level 2. HP: 19/29 MP: 1/1
    28 | D:4      | Reached XP level 3. HP: 24/36 MP: 2/2
    64 | D:3      | Noticed an ogre
   181 | D:2      | Reached skill level 4 in Unarmed Combat
   331 | D:1      | Reached XP level 4. HP: 30/44 MP: 3/3
   822 | D:1      | Found a faded altar of an unknown god.
  1147 | D:3      | Noticed Robin
  1162 | D:2      | Reached skill level 5 in Unarmed Combat
  1201 | D:3      | Killed Robin
  1287 | D:3      | Reached XP level 5. HP: 50/50 MP: 4/4
  1614 | D:3      | Found a shadowy altar of Dithmenos.
  1614 | D:3      | Found an ancient bone altar of Kikubaaqudgha.
  1623 | D:3      | Found a sacrificial altar of Ru.
  1625 | D:3      | Found a shimmering blue altar of Sif Muna.
  1627 | D:3      | Found a faded altar of an unknown god.
  1919 | D:3      | Killed an ogre
  1920 | D:3      | Reached skill level 6 in Unarmed Combat
  1979 | D:4      | Reached XP level 6. HP: 55/59 MP: 5/5
  2000 | D:4      | Noticed a sky beast
  2012 | D:4      | Killed a sky beast
  2013 | D:4      | Reached skill level 1 in Evocations
  2203 | D:4      | Reached skill level 7 in Unarmed Combat
  2203 | D:4      | Reached XP level 7. HP: 36/66 MP: 6/6
  2768 | D:5      | Noticed Eustachio
  2782 | D:5      | Killed Eustachio
  2783 | D:5      | Reached skill level 8 in Unarmed Combat
  2826 | D:5      | Noticed a two-headed ogre
  2827 | D:5      | Found a staircase to the Ecumenical Temple.
  2836 | D:5      | Killed a two-headed ogre
  2837 | D:5      | Reached skill level 9 in Unarmed Combat
  2837 | D:5      | Reached XP level 8. HP: 30/74 MP: 7/7
  3052 | D:5      | Reached skill level 5 in Evocations
  3176 | D:6      | Reached XP level 9. HP: 69/80 MP: 8/8
  3291 | D:6      | Found a sand-covered staircase.
  3298 | Ossuary  | Entered an ossuary
  3367 | Ossuary  | Reached skill level 10 in Unarmed Combat
  3520 | D:6      | Found a runed translucent gate.
  3521 | D:6      | Found a runed translucent gate.
  3522 | D:6      | Found a runed translucent gate.
  3584 | D:6      | Noticed GoblinFriend's ghost (novice DsSu)
  3669 | D:6      | Found a sparkling altar of Nemelex Xobeh.
  3991 | D:7      | Found a snail-covered altar of Cheibriados.
  4230 | D:7      | Reached skill level 11 in Unarmed Combat
  4699 | D:8      | Reached XP level 10. HP: 52/94 MP: 9/9
  4704 | D:8      | Found a staircase to the Lair.
  4803 | Temple   | Entered the Ecumenical Temple
  4819 | Temple   | Became a worshipper of Warmaster Okawaru
  5605 | Lair:1   | Entered Level 1 of the Lair of Beasts
  5608 | Lair:1   | Noticed a cane toad
  5614 | Lair:1   | Killed a cane toad
  5614 | Lair:1   | Reached * piety under Okawaru
  5615 | Lair:1   | Reached skill level 12 in Unarmed Combat
  5706 | Lair:1   | Noticed an elephant
  5708 | Lair:1   | Noticed an elephant
  5708 | Lair:1   | Noticed an elephant
  5709 | Lair:1   | Noticed an elephant
  5715 | Lair:1   | Killed an elephant
  5716 | Lair:1   | Reached skill level 5 in Fighting
  5733 | Lair:1   | Killed an elephant
  5736 | Lair:1   | Killed an elephant
  5736 | Lair:1   | Reached ** piety under Okawaru
  5742 | Lair:1   | Killed an elephant
  5903 | Lair:1   | Noticed a cane toad
  5912 | Lair:1   | Killed a cane toad
  5913 | Lair:1   | Reached XP level 11. HP: 58/107 MP: 10/10
  6016 | Lair:1   | Reached *** piety under Okawaru
  6252 | Lair:1   | Reached skill level 1 in Shields
  6296 | Lair:1   | Reached skill level 13 in Unarmed Combat
  6619 | Lair:2   | HP: 4/107 [yak (11)]
  6704 | Lair:2   | Reached **** piety under Okawaru
  6707 | Lair:2   | Reached skill level 1 in Invocations
  6844 | Lair:2   | HP: 1/107 [elephant (16)]
  6855 | Lair:2   | Reached skill level 1 in Throwing
  6855 | Lair:2   | Reached skill level 1 in Armour
  6900 | Lair:2   | Reached ***** piety under Okawaru
  7023 | Lair:2   | Mangled by a cane toad

Illustrated notes

Levels and vault maps discovered:
D:1:      kennysheep_arrival_forest, layout_basic,
          dreamdust_ecumenical_altar_sealed_demon, minmay_surrounded
D:2:      layout_basic
D:3:      layout_loops_ring, chequers_temple_overflow_minitemple, uniq_robin
D:4:      kennysheep_kobold_camp, layout_cave_pools
D:5:      layout_cave_pools, minmay_temple_entry_slanted, uniq_blork_the_orc,
          uniq_eustachio
D:6:      layout_rooms, nemelex_spade_bored_becter, gammafunk_ghost_icy,
          enter_ossuary_2, amcnicky_mini_rare_corridor_liquid
D:7:      layout_loops_ring, kennysheep_little_box
D:8:      layout_loops_cross, nicolae_overflow_hidden_temple,
          due_lair_maze_entry_diamond, dk_noncrumbling_4,
          minmay_splitting_lines, amcnicky_mini_corridor_feature
Temple:   eino_temple_water
Lair:1:   layout_cave_pods
Lair:2:   hangedman_what_comes_after_a, layout_gridlike,
          minmay_swamp_entry_eels, nzn_sisyphean_effort

Skill      XL: |  1  2  3  4  5  6  7  8  9 10 11 |
---------------+----------------------------------+-----
Unarmed Combat | 3 4 5 6 7 9 11 12 13 | 13.6
Evocations     | 2 4 5 6 |  6.6
Fighting       | 4 6 |  6.8
Shields        | 3 |  3.7
Invocations    | 3 |  3.3
Throwing       | 2 |  2.0
Armour         | 1 |  1.8
Dodging        | 2 |  2.5
Stealth        | |  2.8

Action                     |  1- 3 |  4- 6 |  7- 9 | 10-12 || total
---------------------------+-------+-------+-------+-------++-------
  Melee: Unarmed           |    52 |   194 |   285 |   329 ||   860
         Punch             |       |     4 |    14 |    24 ||    42
  Throw: Dart              |       |     9 |     3 |    16 ||    28
 Invoke: Heroism           |       |       |       |     5 ||     5
  Evoke: Wand              |       |     1 |       |       ||     1
    Use: Scroll            |       |     6 |    11 |     6 ||    23
         Potion            |       |     3 |       |    13 ||    16
   Stab: Sleeping          |     2 |     5 |     5 |       ||    12
         Distracted        |     1 |       |       |     1 ||     2
 Armour: Robe              |    42 |   176 |    47 |       ||   265
         Skin              |       |    17 |       |   250 ||   267
         Troll leather arm |       |       |   121 |   152 ||   273
         Steam dragon scal |       |       |    36 |    36 ||    72
  Dodge: Dodged            |    25 |    93 |   125 |   115 ||   358
  Block: Other             |       |    30 |    81 |    86 ||   197
         Reflection        |       |     1 |     4 |     1 ||     6

Table legend: (Time is in decaauts)
 A = Elapsed time spent in this place.
 B = Non-inter-level travel time spent in this place.
 C = Inter-level travel time spent in this place.
 D = Time resting spent in this place.
 E = Time spent auto-exploring this place.
 F = Levels seen in this place.
 G = Mean time per level.
                   A        B        C        D        E       F      G
               +--------+--------+--------+--------+--------+-----+--------+
         Total |   6853 |   6609 |    244 |     36 |   4712 |  12 |  571.1 |
       Dungeon |   5315 |   5109 |    206 |     36 |   3693 |   8 |  664.4 |
        Temple |     32 |      2 |     30 |      0 |      0 |   1 |   32.0 |
          Lair |   1335 |   1328 |      7 |      0 |    938 |   2 |  667.5 |
       Ossuary |    169 |    169 |      0 |      0 |     81 |   1 |  169.0 |
               +--------+--------+--------+--------+--------+-----+--------+

Top non-repeatable levels by time:
  Lair:1: 977 daAuts
     D:8: 842 daAuts
     D:3: 833 daAuts
     D:4: 768 daAuts
     D:7: 742 daAuts
     D:1: 714 daAuts
     D:6: 602 daAuts
     D:5: 462 daAuts
  Lair:2: 358 daAuts
     D:2: 350 daAuts
 Ossuary: 169 daAuts
  Temple: 32 daAuts
